 Dungeon Crawl Stone Soup version 0.26-a0-651-gb41185065b (webtiles) character file.

Game seed: 8396362381167271007

280496 Flugslaktarn the Warrior (level 19, -10/297 HPs)
             Began as a Deep Dwarf Fighter on Sept 30, 2020.
             Was the Champion of Makhleb.
             Killed from afar by a wretched star (16 damage)
             ... with a lance of force
             ... on level 3 of the Abyss.
             The game lasted 00:22:19 (22101 turns).

Flugslaktarn the Warrior (Deep Dwarf Fighter)      Turns: 22101, Time: 00:22:19

Health: -10/297    AC: 31    Str: 24    XL:     19   Next: 68%
Magic:  10/10      EV:  4    Int: 10    God:    Makhleb [******]
Gold:   1679       SH:  9    Dex: 15    Spells: 18/18 levels left

rFire    + . .     SeeInvis .   I - +7 broad axe
rCold    . . .     Faith    +   k - +1 kite shield {reflect}
rNeg     + . .     Spirit   .   N - +6 crystal plate armour
rPois    .         Reflect  +   P - +2 helmet
rElec    .         Harm     .   A - +2 cloak
rCorr    .         Rampage  .   y - +1 pair of gloves of Ypsae {Dex+2 Slay+3}
MR       ++...                  e - +2 pair of boots
Stlth    ..........             l - amulet of faith
HPRegen  0.00/turn              v - +4 ring of evasion
MPRegen  0.12/turn              f - ring of protection from fire

@: berserking (expiring), lethally poisoned (-10 -> -10), non-regenerating,
diseased, extremely drained, very quick
A: damage resistance, heal wounds, clumsy 1, [deterioration 2], negative energy
resistance 1, sense surroundings 3, [screaming 2], no regeneration
}: 2/15 runes: serpentine, barnacled
a: Heal Wounds, Minor Destruction, Lesser Servant of Makhleb, Major Destruction,
Greater Servant of Makhleb, Renounce Religion


You were on level 3 of the Abyss.
You worshipped Makhleb.
Makhleb was exalted by your worship.
You visited 7 branches of the dungeon, and saw 34 of its levels.
You visited the Abyss 3 times.
You also visited: Bailey and Gauntlet.

You collected 3005 gold pieces.
You spent 1326 gold pieces at shops.

Inventory:

Hand Weapons
 I - a +7 broad axe (weapon)
   (You took it off a naga on level 4 of the Snake Pit)
Missiles
 g - 4 throwing nets (quivered)
Armour
 e - a +2 pair of boots (worn)
   (You found it on level 1 of the Dungeon)
 k - a +1 kite shield of reflection (worn)
   (You took it off a tengu warrior on level 3 of the Depths)
 y - the +1 pair of gloves of Ypsae (worn) {Dex+2 Slay+3}
   (You bought it in a shop on level 2 of the Orcish Mines)

   It affects your dexterity (+2).
   It affects your accuracy and damage with ranged weapons and melee attacks
   (+3).
 A - a +2 cloak (worn)
   (You found it on level 2 of the Lair of Beasts)
 D - a +0 cloak
   (You took it off Crazy Yiuf on level 4 of the Dungeon)
 N - a +6 crystal plate armour (worn)
   (You acquired it on level 3 of the Lair of Beasts)
 P - a +2 helmet (worn)
   (You found it in a Gauntlet)
 S - +0 gold dragon scales
   (You found it on level 4 of the Depths)
Jewellery
 b - an uncursed amulet of the acrobat
   (You found it on level 15 of the Dungeon)
 c - an uncursed ring of protection from cold {unknown}
   (You found it on level 4 of the Depths)
 f - a ring of protection from fire (right hand)
   (You took it off a naga on level 4 of the Snake Pit)
 l - an amulet of faith (around neck)
   (You found it on level 3 of the Lair of Beasts)
 o - an uncursed ring of poison resistance
   (You bought it in a shop on level 7 of the Dungeon)
 v - a +4 ring of evasion (left hand)
   (You took it off a skeletal warrior on level 15 of the Dungeon)
 J - a +6 ring of strength
   (You found it on level 12 of the Dungeon)
Wands
 m - a wand of paralysis (14)
   (You found it on level 4 of the Dungeon)
 s - a wand of iceblast (23)
   (You found it on level 5 of the Dungeon)
 H - a wand of digging (10)
   (You took it off Josephine on level 11 of the Dungeon)
 O - a wand of enslavement (7)
   (You found it in a Gauntlet)
 Q - a wand of acid (3)
   (You took it off a yaktaur on level 4 of the Depths)
Scrolls
 a - a scroll of holy word
 r - 4 scrolls of identify
 t - 9 scrolls of teleportation
 u - 4 scrolls of fear
 x - 11 scrolls of remove curse
 z - a scroll of blinking
 E - a scroll of immolation
 K - a scroll of acquirement
 M - a scroll of fog
 R - a scroll of magic mapping {unknown}
Potions
 d - 2 potions of might
 h - 3 potions of haste
 i - 3 potions of lignification
 n - a potion of resistance
 p - 6 potions of flight
 q - 11 potions of curing
 w - 4 potions of heal wounds
 B - 9 potions of mutation
 G - 9 potions of ambrosia
 L - 3 potions of cancellation
Miscellaneous
 C - a tin of tremorstones (1/3)
   (You found it on level 4 of the Shoals)
 F - a condenser vane (inert)
   (You bought it in a shop on level 6 of the Dungeon)


   Skills:
 * Level 18.8(0.0) Fighting
 - Level 16.0(0.0) Axes
 + Level 16.3(0.0) Armour
 - Level 11.0(0.0) Dodging
 + Level 13.8(0.0) Shields
 - Level 15.0(0.0) Invocations
 - Level 10.0(0.0) Evocations


You had 18 spell levels left.
You didn't know any spells.
Your spell library was empty.

Dungeon Overview and Level Annotations

Branches:
Dungeon (15/15)            Temple (1/1) D:6            Lair (4/6) D:8
 Shoals (4/4) Lair:4        Snake (4/4) Lair:2          Orc (2/2) D:12
    Elf (0/3) Orc:2        Vaults (0/5) D:14         Depths (4/5) D:15
 Bailey (visited)         Gauntlet (visited)

Altars:
Ashenzari
Cheibriados
Dithmenos
Elyvilon
Gozag
Hepliaklqana
Kikubaaqudgha
Makhleb
Nemelex Xobeh
Okawaru
Qazlal
Sif Muna
Trog
Xom
Zin
The Shining One
Lugonu

Shops:
D:6 }   D:7 *   D:12 [   Orc:2 [(!(   Depths:2 =   Depths:4 [

Portals:
Hell: Depths:4
Abyss: Depths:4

Annotations:
D:15 exclusion: orange crystal statue


Innate Abilities, Weirdness & Mutations

You are resistant to damage.
You can heal yourself by infusing magical energy.
You resist negative energy. (rN+)
You passively map a large area around you.
You do not regenerate.
You are clumsy. (Dex -2)
[Your body often deteriorates upon taking damage.]
[You sometimes yell uncontrollably at your foes.]


Message History

The deep elf blademaster completely misses you.
The deep elf blademaster hits you but does no damage.
A water nymph comes into view.
The water nymph gestures at you while chanting.
The water swirls and strikes you!!
* * * LOW HITPOINT WARNING * * *
The rakshasa hits you but does no damage.
You are more poisoned.
The water nymph shouts!
You slice the water nymph!!
You kill the water nymph!
Makhleb accepts your kill.
You closely miss the deep elf blademaster.
Your crystal plate armour prevents you from hitting the wretched star.
The deep elf blademaster hits you but does no damage. x2
You block the deep elf blademaster's attack.
The deep elf blademaster hits you but does no damage.
The wretched star glows turbulently.
The lance of force hits you!
You die...

≈♣≈≈≈.#
≈m≈.#.#
#.♣...# #≈...
##+ #...#....
#YR#§.#..
#e†.§.... ..
#@# . .#
#####.*.# . .
.... ...(... .
...#.#
#..#.#.....
#...###.......
##..# .......
..## _#.#.. #
. ? ## . #


You could see a dire elephant, a deep elf blademaster, a wretched star, a
rakshasa and a water nymph.

Vanquished Creatures
  Margery (Depths:4)
  A golden dragon (Depths:4)
  2 liches
  7 tentacled starspawn
  A kraken (Shoals:4)
  A tengu reaver (Depths:3)
  A sphinx (Depths:2)
  9 nagarajas (Snake:4)
  2 revenants (Abyss:1)
  Ilsuiw (Shoals:4)
  A fire giant (Depths:3)
  A draconian shifter (Abyss:1)
  A frost giant (Depths:3)
  A balrug (Abyss:1)
  8 very ugly things
  3 stone giants
  A deep elf annihilator (Depths:4)
  9 spark wasps
  Azrael (D:14)
  A lorocyproca (Abyss:1)
  A minotaur (Gauntlet)
  A blizzard demon (Abyss:1)
  4 merfolk javelineers (Shoals:4)
  An ettin (Depths:3)
  2 fire dragons
  4 merfolk impalers
  2 great orbs of eyes
  Josephine (D:11)
  A yaktaur captain (Depths:3)
  2 ice dragons
  A hell beast (Depths:4)
  3 merfolk avatars (Shoals:4)
  A vault guard (D:14)
  7 anacondas
  4 hydras
  12 naga warriors
  4 centaur warriors
  2 satyrs
  3 alligator snapping turtles
  28 two-headed ogres
  4 deep troll earth magi
  Erica (Orc:1)
  4 tengu warriors
  2 merfolk aquamancers (Shoals:4)
  A two-headed ogre (shapeshifter) (Depths:4)
  6 ogre magi
  2 deep troll shamans (Depths:4)
  A vampire mage (Depths:2)
  2 shock serpents (Snake:4)
  A titan skeleton (Abyss:1)
  9 thrashing horrors
  A soul eater (Abyss:1)
  7 naga sharpshooters
  17 skeletal warriors
  A sixfirhy (Abyss:1)
  2 wretched stars (Abyss:1)
  A salamander mystic (Snake:4)
  4 unseen horrors
  2 flayed ghosts
  5 deep trolls
  9 hell knights (Depths:4)
  21 sea snakes
  3 glowing orange brains
  A wizard (Depths:3)
  4 naga ritualists
  2 necromancers (Depths:4)
  Pikel (D:6)
  8 harpies
  2 wolf spider zombies
  9 ugly things
  6 mana vipers
  A manticore (shapeshifter) (D:15)
  11 fauns
  A shining eye (Abyss:2)
  7 worldbinders
  A moth of wrath (Gauntlet)
  2 cyclopes
  14 manticores
  An elephant (D:8)
  8 salamanders
  14 merfolk sirens
  An orange demon (Abyss:2)
  Joseph (D:7)
  17 black mambas
  Psyche (D:8)
  4 gargoyles
  3 water nymphs
  5 guardian serpents
  2 apocalypse crabs (Abyss:1)
  4 naga magi (Snake:4)
  7 cane toads
  2 rust devils
  2 komodo dragons
  2 demonic crawlers (Abyss:1)
  A freezing wraith (Abyss:1)
  8 yaktaurs (Depths:4)
  A yaktaur (shapeshifter) (D:13)
  A hellion (Abyss:1)
  A kobold demonologist (Abyss:2)
  3 efreet
  10 ancient zymes
  A red devil (Depths:4)
  A hellwing (Abyss:1)
  A tengu conjurer (Depths:4)
  25 merfolk
  2 ice devils (D:12)
  5 trolls
  7 wind drakes
  A jumping spider (shapeshifter) (D:14)
  3 meliai (D:15)
  A polar bear (Lair:2)
  A queen bee (D:15)
  12 blink frogs
  Grinder (D:5)
  31 slime creatures
  10 hippogriffs
  3 dream sheep (Shoals:2)
  A dream sheep (shapeshifter) (Depths:4)
  10 raiju
  9 snapping turtles
  10 flying skulls
  A shadow (D:14)
  Sigmund (D:6)
  14 large abominations
  A redback (Abyss:1)
  A tarantella (shapeshifter) (Abyss:1)
  2 ynoxinuls (Abyss:1)
  An elf simulacrum (Depths:4)
  3 water elementals
  9 wraiths
  2 vampires
  17 yaks
  6 fire elementals
  3 basilisks
  A fire bat (D:11)
  A steam dragon (D:7)
  4 chaos spawn (Abyss:1)
  2 vampire mosquitoes (D:13)
  4 neqoxecs (Abyss:1)
  A warg (Orc:2)
  45 nagas
  9 water moccasins
  A hell hound (D:14)
  2 soldier ants
  4 ice beasts
  8 porcupines
  16 orc warriors
  2 phantoms
  4 black bears
  A hornet zombie (D:10)
  5 sky beasts
  An eye of draining (Abyss:1)
  A meliai simulacrum (D:14)
  12 wolves
  9 boggarts
  29 ogres
  6 centaurs
  A necrophage (D:13)
  4 lemures (D:6)
  9 crocodiles
  Blork the orc (D:6)
  5 big kobolds
  A wyvern zombie (D:14)
  2 earth elementals (Abyss:1)
  2 gnoll sergeants (D:10)
  15 bullfrogs
  17 small abominations
  2 scorpions
  24 killer bees
  5 howler monkeys
  18 wights
  2 electric eels (Lair:3)
  6 crimson imps
  34 starcursed masses
  2 centaur zombies
  4 jellies
  3 lava snakes (Snake:4)
  3 quasits
  2 iron imps (Abyss:1)
  5 hounds
  16 orc wizards
  8 centaur skeletons
  Crazy Yiuf (D:4)
  10 orc priests
  6 bullfrog skeletons
  4 iguanas
  Terence (D:2)
  4 worker ants
  2 hound skeletons
  3 worker ant zombies
  9 gnolls
  12 adders
  A naga simulacrum (Abyss:1)
  5 shadow imps
  7 white imps
  5 ufetubi
  An adder skeleton (D:7)
  8 worms
  A dart slug (D:3)
  A leopard gecko (D:6)
  74 orcs
  7 giant cockroaches
  16 goblins
  2 hobgoblins
  9 jackals
  8 quokkas
  4 ball pythons
  28 bats
  A frilled lizard (D:4)
  A jackal skeleton (D:6)
  12 kobolds
  A leopard gecko skeleton (D:7)
  A quokka skeleton (D:7)
  3 rats (D:3)
  A lurking horror (Abyss:1)
  5 starspawn tentacles
  3 tentacles (Shoals:4)
  A toadstool (D:9)
1225 creatures vanquished.

Vanquished Creatures (collateral kills)
  A hydra (D:13)
  A troll (D:13)
  A slime creature (D:14)
  3 blink frogs (Lair:4)
  A sky beast (D:13)
  An eye of draining (D:13)
8 creatures vanquished.

Vanquished Creatures (others)
  A fire giant (Depths:3)
  2 yaks (D:14)
  A boggart (D:15)
  A small abomination (Abyss:1)
  An orc (Orc:2)
  A kobold (D:11)
  4 demonic plants (Gauntlet)
  20 fungi
  71 plants
  21 starspawn tentacles
  4 tentacles (Shoals:4)
  2 toadstools (D:9)
129 creatures vanquished.

Grand Total: 1362 creatures vanquished

Notes
Turn   | Place    | Note
-------+----------+-------------------------------------------
     0 | D:1      | Flugslaktarn the Deep Dwarf Fighter began the quest for the
                  | Orb.
     0 | D:1      | Reached XP level 1. HP: 20/20 MP: 1/1
   116 | D:2      | Noticed Terence
   121 | D:2      | Reached XP level 2. HP: 24/27 MP: 2/2
   131 | D:2      | Killed Terence
   131 | D:2      | Reached skill level 3 in Fighting
   131 | D:2      | Reached XP level 3. HP: 28/34 MP: 3/3
   168 | D:2      | You fall into a shaft and drop 1 floor!
   251 | D:3      | Reached XP level 4. HP: 39/42 MP: 4/4
   302 | D:3      | Reached XP level 5. HP: 16/50 MP: 5/5
   423 | D:4      | Reached skill level 4 in Fighting
   488 | D:4      | Reached XP level 6. HP: 45/57 MP: 5/5
   670 | D:4      | Found a hazy altar of Hepliaklqana.
   706 | D:4      | Reached skill level 5 in Axes
   756 | D:4      | Found a runed translucent door.
   757 | D:4      | Noticed Crazy Yiuf
   899 | D:4      | Killed Crazy Yiuf
   899 | D:4      | Reached XP level 7. HP: 56/66 MP: 5/5
   944 | D:5      | Entered Level 5 of the Dungeon
  1096 | D:5      | Reached skill level 5 in Fighting
  1132 | D:5      | Reached skill level 5 in Armour
  1199 | D:5      | Reached skill level 5 in Shields
  1263 | D:5      | Noticed Grinder
  1265 | D:5      | Paralysed by Grinder for 6 turns
  1273 | D:5      | Paralysed by Grinder for 4 turns
  1284 | D:5      | Paralysed by Grinder for 4 turns
  1305 | D:5      | Paralysed by Grinder for 2 turns
  1314 | D:5      | Killed Grinder
  1314 | D:5      | Reached XP level 8. HP: 69/76 MP: 6/6
  1453 | D:6      | Noticed Pikel
  1502 | D:6      | Killed Pikel
  1502 | D:6      | Reached skill level 6 in Fighting
  1639 | D:6      | Found Nuhaejir's Gadget Emporium.
  1715 | D:6      | Found a staircase to the Ecumenical Temple.
  1719 | D:6      | Noticed Sigmund
  1731 | D:6      | Killed Sigmund
  1731 | D:6      | Gained mutation: You passively map the area around you.
                  | [Deep Dwarf growth]
  1731 | D:6      | Reached XP level 9. HP: 36/85 MP: 6/6
  1734 | Temple   | Entered the Ecumenical Temple
  1770 | Temple   | Became a worshipper of Makhleb the Destroyer
  1991 | D:6      | Noticed Blork the orc
  2005 | D:6      | Killed Blork the orc
  2060 | D:6      | Reached skill level 1 in Invocations
  2090 | D:6      | Reached skill level 7 in Fighting
  2409 | D:7      | Noticed Joseph
  2458 | D:7      | Killed Joseph
  2489 | D:7      | Found a flagged portal.
  2506 | Bailey   | Entered a bailey
  2579 | Bailey   | Reached * piety under Makhleb
  2614 | Bailey   | Found the +10 zealot's sword {holy, *Rage rN+ EV+3}
  2905 | D:7      | Found Tefunto's Serpentskin Sales.
  2916 | D:7      | Got a translucent chain mail
  2927 | D:7      | Identified the +3 chain mail "Hurgh" {Str+4} (You found it
                  | on level 7 of the Dungeon)
  3155 | D:8      | Reached skill level 8 in Fighting
  3155 | D:8      | Reached XP level 10. HP: 85/96 MP: 6/6
  3329 | D:8      | Noticed Psyche
  3361 | D:8      | Killed Psyche
  3395 | D:8      | Found a staircase to the Lair.
  3395 | D:8      | Noticed an elephant
  3448 | D:8      | Reached ** piety under Makhleb
  3458 | D:8      | Killed an elephant
  3461 | D:8      | Reached skill level 5 in Invocations
  3750 | D:8      | Found a snail-covered altar of Cheibriados.
  3786 | D:8      | Noticed a two-headed ogre
  3804 | D:8      | Killed a two-headed ogre
  3804 | D:8      | Reached skill level 10 in Axes
  4460 | D:9      | Reached skill level 9 in Fighting
  4958 | D:6      | Bought a condenser vane (2/2) for 300 gold pieces
  5043 | D:10     | Entered Level 10 of the Dungeon
  5129 | D:10     | Killed an unseen horror
  5129 | D:10     | Reached XP level 11. HP: 73/106 MP: 6/6
  5167 | D:10     | You fall into a shaft and drop 2 floors!
  5283 | D:11     | Found a stormy altar of Qazlal.
  5447 | D:11     | Noticed a two-headed ogre
  5448 | D:11     | Reached *** piety under Makhleb
  5466 | D:11     | Killed a two-headed ogre
  5872 | D:10     | Killed an unseen horror
  5896 | D:10     | Reached **** piety under Makhleb
  5949 | D:10     | Noticed a two-headed ogre
  5961 | D:10     | Killed a two-headed ogre
  5961 | D:10     | Reached skill level 10 in Fighting
  6231 | D:11     | Found a hazy altar of Hepliaklqana.
  6262 | D:11     | Noticed Josephine
  6278 | D:11     | Killed Josephine
  6278 | D:11     | Reached skill level 1 in Evocations
  6398 | D:11     | Found a runed translucent door.
  6419 | D:11     | Found a sparkling altar of Nemelex Xobeh.
  6439 | D:11     | Found a hazy altar of Hepliaklqana.
  6470 | D:11     | Found an iron altar of Okawaru.
  6501 | D:11     | Noticed a flayed ghost
  6513 | D:11     | Killed a flayed ghost
  6513 | D:11     | Reached ***** piety under Makhleb
  6513 | D:11     | Reached XP level 12. HP: 105/117 MP: 8/8
  6815 | D:12     | Found a staircase to the Orcish Mines.
  7180 | D:12     | Found Xeabog's Armour Emporium.
  7236 | D:13     | Noticed a five-headed hydra
  7250 | D:13     | Killed a seven-headed hydra
  7380 | D:13     | Reached skill level 11 in Fighting
  7740 | D:13     | Got a warped chain mail
  7751 | D:13     | Identified the +1 chain mail of Grace {-Tele rPois rC+}
                  | (You found it on level 13 of the Dungeon)
  8097 | D:14     | Noticed a centaur warrior
  8106 | D:14     | Killed a centaur warrior
  8265 | D:14     | Noticed a five-headed hydra
  8285 | D:14     | Killed an 11-headed hydra
  8285 | D:14     | Reached skill level 5 in Evocations
  8286 | D:14     | Reached XP level 13. HP: 127/127 MP: 7/7
  8383 | D:14     | Reached skill level 10 in Armour
  8390 | D:14     | Reached skill level 10 in Shields
  8543 | D:14     | Found a gate to the Vaults.
  8650 | D:14     | Noticed Azrael
  8680 | D:14     | Killed Azrael
  8733 | D:14     | Found a shimmering blue altar of Sif Muna.
  8979 | D:15     | Entered Level 15 of the Dungeon
  9025 | D:15     | Reached skill level 10 in Invocations
  9058 | D:15     | Reached skill level 12 in Fighting
  9107 | D:15     | Reached ****** piety under Makhleb
  9230 | D:15     | Gained mutation: You resist negative energy. (rN+) [Deep
                  | Dwarf growth]
  9230 | D:15     | Reached XP level 14. HP: 88/138 MP: 5/5
  9397 | D:15     | Found a staircase to the Depths.
 10574 | Orc:1    | Entered Level 1 of the Orcish Mines
 10577 | Orc:1    | Noticed Erica
 10591 | Orc:1    | Killed Erica
 10736 | Orc:2    | Entered Level 2 of the Orcish Mines
 10846 | Orc:2    | Reached skill level 13 in Fighting
 10877 | Orc:2    | Found Muroumol's Weapon Emporium.
 10877 | Orc:2    | Found Dacy's Armour Boutique.
 10878 | Orc:2    | Found Raenul's Weapon Shop.
 10878 | Orc:2    | Found Ryijyheqy's Distillery.
 11061 | Orc:2    | Reached skill level 15 in Axes
 11118 | Orc:2    | Found a staircase to the Elven Halls.
 11520 | Orc:2    | Bought the +1 pair of gloves of Ypsae {Dex+2 Slay+3} for
                  | 466 gold pieces
 11545 | Orc:2    | Bought a potion of haste for 120 gold pieces
 11545 | Orc:2    | Bought a potion of resistance for 120 gold pieces
 11545 | Orc:2    | Bought a potion of heal wounds for 60 gold pieces
 11704 | D:7      | Bought an uncursed ring of poison resistance for 260 gold
                  | pieces
 11753 | Lair:1   | Entered Level 1 of the Lair of Beasts
 12034 | Lair:2   | You fall into a shaft and drop 1 floor!
 12078 | Lair:3   | Found a gate leading to a gauntlet.
 12099 | Gauntlet | Entered a Gauntlet
 12099 | Gauntlet | Found a transporter.
 12099 | Gauntlet | Found a runed translucent door.
 12100 | Gauntlet | Found a runed translucent door.
 12104 | Gauntlet | Found a transporter.
 12108 | Gauntlet | Found a transporter.
 12116 | Gauntlet | Found a transporter.
 12120 | Gauntlet | Found a transporter.
 12128 | Gauntlet | Found a transporter.
 12132 | Gauntlet | Found a transporter.
 12143 | Gauntlet | Found a transporter.
 12144 | Gauntlet | Found a transporter.
 12152 | Gauntlet | Found a transporter.
 12173 | Gauntlet | Found a transporter.
 12185 | Gauntlet | Found a transporter.
 12197 | Gauntlet | Found a transporter.
 12209 | Gauntlet | Found a transporter.
 12276 | Gauntlet | Reached XP level 15. HP: 144/148 MP: 7/7
 12381 | Lair:3   | Identified a scroll of acquirement
 12382 | Lair:3   | Acquired a +2 crystal plate armour
 13560 | Lair:4   | Reached skill level 1 in Dodging
 13798 | Lair:4   | Found a staircase to the Shoals.
 14076 | Lair:2   | Found a staircase to the Snake Pit.
 14682 | Snake:1  | Entered Level 1 of the Snake Pit
 15203 | Snake:4  | Entered Level 4 of the Snake Pit
 15224 | Snake:4  | Reached skill level 10 in Evocations
 15433 | Snake:4  | Reached skill level 14 in Fighting
 15786 | Snake:4  | Reached XP level 16. HP: 159/159 MP: 2/9
 15956 | Snake:4  | Reached skill level 5 in Dodging
 16074 | Snake:4  | Reached skill level 15 in Fighting
 16108 | Snake:4  | Got a serpentine rune of Zot
 16438 | Shoals:1 | Entered Level 1 of the Shoals
 16875 | Shoals:3 | Reached XP level 17. HP: 139/170 MP: 11/11
 17291 | Shoals:4 | Entered Level 4 of the Shoals
 17467 | Shoals:4 | Noticed Ilsuiw
 17559 | Shoals:4 | Killed Ilsuiw
 17855 | Shoals:4 | Reached skill level 16 in Fighting
 18193 | Shoals:4 | Noticed a kraken
 18228 | Shoals:4 | Killed a kraken
 18228 | Shoals:4 | Reached skill level 15 in Invocations
 18251 | Shoals:4 | Got a barnacled rune of Zot
 18738 | Depths:1 | Entered Level 1 of the Depths
 18919 | Depths:2 | Found Tiygucis's Jewellery Shop.
 18999 | Depths:3 | Gained mutation: You passively map a large area around you.
                  | [Deep Dwarf growth]
 18999 | Depths:3 | Reached XP level 18. HP: 161/183 MP: 11/11
 19049 | Depths:4 | Found Haapliz's Armour Shoppe.
 19114 | Depths:4 | Reached skill level 10 in Dodging
 19182 | Depths:4 | Reached skill level 17 in Fighting
 19214 | Depths:4 | Noticed Margery
 19219 | Depths:4 | Noticed a golden dragon
 19243 | Depths:4 | Found a gateway to Hell.
 19250 | Depths:4 | Killed Margery
 19255 | Depths:4 | Killed a golden dragon
 19256 | Depths:4 | Reached skill level 15 in Armour
 19710 | Depths:4 | Found a corrupted altar of Lugonu.
 19710 | Depths:4 | Found a one-way gate to the infinite horrors of the Abyss.
 19745 | Depths:4 | Voluntarily entered the Abyss.
 20346 | Depths:4 | Escaped the Abyss
 20414 | Depths:4 | Voluntarily entered the Abyss.
 20416 | Abyss:1  | Found a corrupted altar of Lugonu.
 20466 | Abyss:1  | Reached XP level 19. HP: 195/195 MP: 12/12
 20746 | Abyss:1  | Reached skill level 18 in Fighting
 20910 | Abyss:1  | Found an opulent altar of Gozag.
 21005 | Depths:4 | Escaped the Abyss
 21007 | Depths:4 | Voluntarily entered the Abyss.
 21187 | Abyss:1  | Paralysed by you for 7 turns
 21188 | Abyss:1  | Noticed a lich
 21198 | Abyss:1  | Killed a lich
 21520 | Abyss:1  | Noticed a profane servitor
 21665 | Abyss:2  | Noticed a lich
 21671 | Abyss:2  | Paralysed by a lich for 7 turns
 21682 | Abyss:2  | Killed a lich
 21900 | Abyss:2  | Paralysed by accursed screaming for 2 turns
 21909 | Abyss:2  | Paralysed by accursed screaming for 2 turns
 21914 | Abyss:2  | Paralysed by accursed screaming for 1 turns
 21930 | Abyss:2  | Gained mutation: You are clumsy. (Dex -2) [a shining eye]
 22071 | Abyss:3  | Found a corrupted altar of Lugonu.
 22100 | Abyss:3  | HP: 6/297 [water nymph/the raging water (17)]
 22101 | Abyss:3  | Killed from afar by a wretched star

Illustrated notes

Levels and vault maps discovered:
D:1:      dpeg_arrival_orchard, layout_rooms, feat_on_display
D:2:      layout_rooms, uniq_terence
D:3:      layout_rooms
D:4:      layout_rooms, lemuel_crystal_altar, uniq_crazy_yiuf_cottage
D:5:      layout_cave_pools, serial_column_ruins, column_ruins_hut,
          column_ruins_hut, column_ruins_columns_straight,
          column_ruins_columns_straight, column_ruins_open_medium,
          column_ruins_grid_1, column_ruins_open_small_water, uniq_grinder
D:6:      kennysheep_windowed_halls, layout_rooms, minmay_temple_entry_wispy,
          serial_shops, nicolae_shop_trees, uniq_sigmund, uniq_blork_the_orc,
          uniq_pikel
D:7:      layout_rooms, enter_bailey_3, guppyfry_shop_venom, uniq_joseph
D:8:      layout_cave_pods, david_lair_generic, chei_slow_surprise, uniq_psyche
D:9:      layout_basic, serial_co_window_serial, co_window_corner_a,
          co_window_corner_a, co_window_paths_a, co_window_paths_a,
          co_window_paths_a, co_window_2corner, co_window_broadway_c,
          co_window_unsneaky_path_a, co_window_paths_c, co_window_corner_b,
          minmay_gold_behind_fungi, hangedman_minor_gate_pass
D:10:     layout_roguey
D:11:     due_megacathedral, layout_basic, basic_altar,
          nicolae_qazlal_eye_of_the_storm, uniq_josephine
D:12:     layout_rooms, orc_0_dummy, portal_ice_cave_demonic_guard,
          serial_shops, shop, minmay_nine_imps
D:13:     layout_irregular_city
D:14:     layout_cave_pools, david_vaults_5, lemuel_blue_sif_altar, uniq_azrael
D:15:     grunt_enter_depths_hoard, layout_loops_ring, special_room
          [special_room_bee], minivault_15
Temple:   compressed_dpeg_circular_temple
Lair:1:   layout_roguey, grunt_forest_stairs_basic,
          chequers_serial_rivers_small_b
Lair:2:   layout_long_grid, minmay_snake_entry_guardpost_small
Lair:3:   layout_gridlike, gauntlet_entry_generic, serial_bayou_lagoon_b
Lair:4:   layout_regular_city, minmay_shoals_entry_lonely_mermaid
Shoals:1: layout_shoals, uniq_louise
Shoals:2: layout_shoals
Shoals:3: layout_shoals
Shoals:4: shoals_end_hangedman, layout_shoals, shoals_ilsuiw_ice,
          overgrown_tower
Snake:1:  layout_layer_cave, ebering_ghost_reflecting_pool, drop_trap
Snake:2:  layout_gridlike
Snake:3:  layout_grid_maze, nicolae_snake_salamander_stairs
Snake:4:  grunt_snake_rune_pools, layout_cave_town, drop_trap,
          nicolae_snake_lava_pool
Orc:1:    layout_diamond_mine, serial_shops, nicolae_shop_behind_doors,
          uniq_erica
Orc:2:    st_orc_ogre_mass, layout_caves, lemuel_statue_altar
Depths:1: minmay_quarter_circles, layout_gridville, hellmouth_1,
          serial_sigils_hangedman_carve, chequers_serial_rivers_micro_e,
          grunt_decor_fettered, corner_web_ring, minmay_variable_closet,
          minmay_misc_feat_encased, minmay_misc_feat_roman,
          nemelex_diamond_rough_becter
Depths:2: kennysheep_large_vault, layout_cave_pools, hell_entry, serial_shops,
          shop, hangedman_decor_points, hex_medium, dk_noncrumbling_2,
          grunt_decor_resistance, serial_sigils_hangedman_gut,
          minmay_staircase_statues
Depths:3: nicolae_legendary_halls, layout_cross, hell_entry, serial_shops,
          freezing_bzr, chequers_decorated_corner, pan_entry,
          minmay_staircase_windowed_large, serial_bayou_shore_b
Depths:4: cheibrodos_quadrivalence, layout_cave_shapes, abyss_entry_flame_altar,
          grunt_mini_vestibule, serial_shops, shop, lemuel_old_faithful,
          infiniplex_staircase_pool_2, uniq_margery
Abyss:3:  base: Vaults:4, grunt_abyss_rune_forest_and_sorcery

Skill      XL: |  1  2  3  4  5  6  7  8  9 10 11 12 13 14 15 16 17 18 19 |
---------------+----------------------------------------------------------+-----
Fighting       | 3 4 5 6 8 9 10 11 12 13 14 15 16 17 18 | 18.8
Axes           | 3 4 5 6 7 9 10 11 12 14 15 16 | 16.0
Armour         | 4 5 6 7 8 9 10 11 12 13 14 15 16 | 16.3
Shields        | 4 5 6 7 8 9 10 11 12 13 | 13.8
Invocations    | 3 6 7 9 10 11 12 14 15 | 15.0
Evocations     | 2 5 7 8 10 | 10.0
Dodging        | 4 7 9 11 | 11.0

Action                   |  1- 3 |  4- 6 |  7- 9 | 10-12 | 13-15 | 16-18 | 19-21 || total
-------------------------+-------+-------+-------+-------+-------+-------+-------++-------
Melee: War axe           |    67 |   104 |   393 |   866 |  1372 |       |       ||  2802
       Broad axe         |       |       |       |       |    49 |  1411 |   706 ||  2166
Invok: Lesser Servant of |       |       |       |     2 |     8 |       |       ||    10
 Abil: Heal Wounds       |     1 |     7 |    25 |    26 |    25 |    17 |    13 ||   114
Evoke: Condenser vane    |       |       |       |     3 |     2 |     5 |     2 ||    12
       Wand              |       |       |       |       |     7 |     1 |     2 ||    10
       Tin of tremorston |       |       |       |       |       |     6 |     3 ||     9
  Use: Scroll            |       |       |    15 |     9 |    18 |     2 |     1 ||    45
       Potion            |       |       |       |       |     3 |       |     3 ||     6
 Stab: Invisible         |       |       |       |     1 |       |       |       ||     1
       Distracted        |       |       |       |       |     1 |       |     2 ||     3
       Paralysed         |       |       |       |       |       |       |     1 ||     1
Armor: Scale mail        |    47 |    48 |   106 |       |       |       |       ||   201
       Plate armour      |       |       |   428 |   190 |   374 |       |       ||   992
       Chain mail        |       |       |    11 |   360 |       |       |       ||   371
       Crystal plate arm |       |       |       |       |   282 |  1080 |   877 ||  2239
Dodge: Dodged            |    20 |    41 |   248 |   241 |   376 |   682 |   263 ||  1871
Block: Kite shield       |    34 |    69 |   458 |   587 |   893 |  1087 |   588 ||  3716
       Reflection        |       |       |       |       |       |    10 |     7 ||    17

Table legend: (Time is in decaauts)
 A = Elapsed time spent in this place.
 B = Non-inter-level travel time spent in this place.
 C = Inter-level travel time spent in this place.
 D = Time resting spent in this place.
 E = Time spent auto-exploring this place.
 F = Levels seen in this place.
 G = Mean time per level.
                   A        B        C        D        E       F      G
               +--------+--------+--------+--------+--------+-----+--------+
         Total |  22102 |  19803 |   2299 |    390 |  11402 |  41 |  539.1 |
       Dungeon |  10770 |   9468 |   1302 |    102 |   5972 |  15 |  718.0 |
        Temple |     60 |     37 |     23 |      0 |     30 |   1 |   60.0 |
          Lair |   2837 |   2449 |    388 |      0 |   1942 |   4 |  709.2 |
        Shoals |   2030 |   1850 |    180 |      6 |    759 |   4 |  507.5 |
     Snake Pit |   1559 |   1291 |    268 |      4 |    660 |   4 |  389.8 |
  Orcish Mines |    963 |    879 |     84 |      0 |    573 |   2 |  481.5 |
        Depths |   1020 |    968 |     52 |    100 |    408 |   4 |  255.0 |
         Abyss |   2420 |   2420 |      0 |    178 |    913 |   5 |  484.0 |
        Bailey |    183 |    183 |      0 |      0 |     17 |   1 |  183.0 |
      Gauntlet |    256 |    256 |      0 |      0 |    128 |   1 |  256.0 |
               +--------+--------+--------+--------+--------+-----+--------+

Top non-repeatable levels by time:
 Abyss:1: 1729 daAuts
    D:15: 1249 daAuts
     D:8: 1116 daAuts
     D:9: 1096 daAuts
Shoals:4: 1041 daAuts
     D:6: 971 daAuts
  Lair:2: 964 daAuts
    D:11: 944 daAuts
 Snake:4: 915 daAuts
    D:14: 904 daAuts
    D:13: 896 daAuts
  Lair:3: 857 daAuts
  Lair:4: 852 daAuts
   Orc:2: 786 daAuts
Depths:4: 729 daAuts
